 Dungeon Crawl Stone Soup version 0.28-a0-384-g9e0c098162 (webtiles) character file.

Game seed: 7343446832220861336

5283 freelancePsychic the Cleaver (level 10, -2/83 HPs)
             Began as a Formicid Abyssal Knight on Sept 3, 2021.
             Was a Priest of Lugonu.
             Slain by a tengu warrior (15 damage)
             ... on level 9 of the Dungeon.
             The game lasted 00:14:08 (13849 turns).

freelancePsychic the Cleaver (FoAK)                Turns: 13849, Time: 00:14:09

Health: -2/83      AC:  8    Str: 21    XL:     10   Next: 94%
Magic:  12/17      EV:  7    Int: 11    God:    Lugonu [***...]
Gold:   365        SH:  0    Dex:  8    Spells: 9/9 levels left

rFire   . . .      SeeInvis +   k - +0 war axe
rCold   . . .      Faith    .   (no shield)
rNeg    + . .      Spirit   .   m - +0 chain mail
rPois   +          Reflect  .   (helmet unavailable)
rElec   .          Harm     .   (no cloak)
rCorr   .          Rampage  .   (no gloves)
Will    ++...                   (no boots)
Stlth   ..........              j - amulet of the acrobat
HPRegen 0.23/turn               e - ring of positive energy
MPRegen 0.15/turn               n - ring of willpower

@: mighty
A: permanent stasis, dig shafts and tunnels, antennae 3, four strong arms,
hooves 1, clumsy 1, poison resistance, MP-powered wands
a: Dig, Shaft Self, Renounce Religion, Depart the Abyss, Bend Space, Banish


You were on level 9 of the Dungeon.
You worshipped Lugonu.
Lugonu was most pleased with you.
You visited 1 branch of the dungeon, and saw 9 of its levels.
You visited the Abyss 1 time.
You also visited: Sewer.

You collected 365 gold pieces.

Inventory:

Hand Weapons
 k - a +0 war axe (weapon)
Missiles
 p - 4 throwing nets
Armour
 b - a +0 leather armour
 m - a +0 chain mail (worn)
Magical Staves
 d - a staff of air
Jewellery
 a - an amulet of faith
 c - a ring of flight
 e - a ring of positive energy (left hand)
 j - an amulet of the acrobat (around neck)
 n - a ring of willpower (right hand)
 r - a +6 ring of strength
Wands
 f - a wand of flame (27)
 i - a wand of charming (9)
Scrolls
 h - a scroll of vulnerability
 q - 3 scrolls of fear
Potions
 g - 4 potions of magic
 l - 2 potions of attraction


   Skills:
 + Level 9.1 Fighting
 * Level 11.0 Axes
 - Level 2.1 Armour
 - Level 0.8 Dodging
 + Level 9.5 Invocations


You had 9 spell levels left.
You didn't know any spells.
Your spell library contained the following spells:

 Spells                   Type           Power      Damage    Failure   Level
 Static Discharge         Conj/Air       0%         N/A       99%         2
 Gell's Gravitas          Tloc           0%         N/A       100%        3
 Teleport Other           Tloc           0%         N/A       100%        3
 Lightning Bolt           Conj/Air       0%         1d11      100%        5
 Manifold Assault         Tloc           0%         N/A       100%        5
 Dispersal                Tloc           0%         N/A       100%        6
 Storm Form               Tmut/Air       0%         N/A       100%        7
 Maxwell's Capacitive Co  Air            0%         ∞         100%        8
 Blink                    Tloc           Unusable   N/A       N/A         2

Dungeon Overview and Level Annotations

Branches:
Dungeon (9/15)             Temple (0/1) D:6           Sewer (visited)
   Lair: D:8-11         Orc: D:9-12

Altars:
Cheibriados
Elyvilon
Gozag

Annotations:
D:7 3 runed translucent doors, bearlyready's ghost, novice GnCA
Abyss:1 Dowan, Duvessa


Innate Abilities, Weirdness & Mutations

You cannot be hasted, slowed, berserked, paralysed or teleported.
You can dig through walls and to a lower floor.
You have a pair of large antennae on your head. (SInv)
Your four strong arms can wield two-handed weapons with a shield.
You have large cloven feet.
You are clumsy. (Dex -2)
Your system is resistant to poisons. (rPois)
You expend magic power (3 MP) to strengthen your wands.


Message History

You climb downwards.
The centaur warrior unwields a +0 longbow.
The centaur warrior wields a +3 short sword of freezing.
It glows with a cold blue light!
The centaur warrior hits you with a +3 short sword of freezing.
The centaur warrior freezes you.
The centaur warrior kicks you but does no damage.
The tengu warrior hits you with a +0 battleaxe.
The tengu warrior pecks you but does no damage.
The tengu warrior claws you. The centaur warrior barely misses you.
The centaur warrior kicks you but does no damage.
There is a stone staircase leading up, spattered with blood here.
Press: ? - help, Shift-Dir - straight line, f - centaur warrior
Aim: a centaur warrior, wielding a +3 short sword of freezing and quivering arrows (chance to affect: 73%)
The centaur warrior is devoured by a tear in reality.
Lugonu claims a new guest.
The tengu warrior hits you with a +0 battleaxe.
The tengu warrior pecks you but does no damage.
The tengu warrior barely misses you.
Your life force feels restored.
Your Fighting skill increases to level 9!
Your Axes skill increases to level 11!
You closely miss the tengu warrior.
The tengu warrior hits you with a +0 battleaxe!!
The tengu warrior pecks you.
The tengu warrior claws you but does no damage.
You feel very mighty all of a sudden.
The tengu warrior hits you with a +0 battleaxe!
The tengu warrior pecks you. The tengu warrior claws you.
* * * LOW HITPOINT WARNING * * *
You miss the tengu warrior.
The tengu warrior hits you but does no damage.
The tengu warrior pecks you.
* * * LOW HITPOINT WARNING * * *
The tengu warrior claws you.
* * * LOW HITPOINT WARNING * * *
You hit the tengu warrior. You kick the tengu warrior.
The tengu warrior is lightly wounded.
The tengu warrior hits you with a +0 battleaxe!
You die...

#################
#......(........#
###.#####.#######.# ..#.#
#(#.## #<# #####.#.#
#..#.# #.# ...#.#.# #@#.##
#.# #.#.#.#####Q§.#####.#
#.....[..Q..#§....#.#
#...#.##.####.###.#.#
######...#.##.# #.# #.#
..)!†.......#.####.###.#.#
####......................
#..###################.
#..#.. {


You could see a tengu warrior.

Vanquished Creatures
  3 water moccasins
  An acid dragon (D:9)
  3 black bears
  3 centaurs
  A phantom (D:5)
  An ogre (D:4)
  7 kobold brigands
  A bullfrog (D:9)
  2 scorpions
  A water moccasin skeleton (D:4)
  5 wights
  A killer bee (D:8)
  A howler monkey (D:8)
  A bullfrog zombie (D:6)
  4 centaur zombies
  An orc priest (D:8)
  2 gnoll shamans
  2 centaur skeletons
  5 hounds
  A jelly (D:5)
  A bullfrog skeleton (D:6)
  2 iguanas
  3 orc wizards
  A mummy (D:6)
  2 howler monkey zombies
  13 adders
  7 gnolls
  5 river rats (Sewer)
  A shadow imp (D:7)
  2 ufetubi
  5 worms
  6 dart slugs
  10 orcs
  9 ball pythons
  13 endoplasms
  4 giant cockroaches
  2 goblins
  6 hobgoblins
  6 jackals
  4 quokkas
  5 bats
  3 frilled lizards
  26 kobolds
  14 rats
196 creatures vanquished.

Vanquished Creatures (others)
  2 orc wizards
  A butterfly (D:7)
  A lurking horror (Abyss:1)
4 creatures vanquished.

Grand Total: 200 creatures vanquished

Notes
Turn   | Place    | Note
-------+----------+-------------------------------------------
     0 | Abyss:1  | freelancePsychic the Formicid Abyssal Knight began the
                  | quest for the Orb.
     0 | Abyss:1  | Reached XP level 1. HP: 18/18 MP: 2/2
    35 | Abyss:1  | Noticed a five-headed hydra zombie
    66 | Abyss:1  | Noticed an ancient zyme
    67 | D:1      | Escaped the Abyss
   463 | D:1      | Reached XP level 2. HP: 24/24 MP: 3/3
   638 | D:1      | Reached * piety under Lugonu
   711 | D:1      | Reached XP level 3. HP: 24/29 MP: 4/4
   820 | D:1      | Found a faded altar of an unknown god.
  1263 | D:2      | Reached skill level 3 in Axes
  1401 | D:2      | Reached XP level 4. HP: 24/37 MP: 6/6
  1850 | D:2      | Reached ** piety under Lugonu
  2728 | D:3      | Found a glowing drain.
  2754 | Sewer    | Entered a sewer
  2971 | Sewer    | Reached XP level 5. HP: 36/42 MP: 7/7
  3294 | Sewer    | Noticed a kobold brigand
  3307 | Sewer    | Gained mutation: You have large cloven feet. [potion of
                  | mutation]
  3307 | Sewer    | Gained mutation: You expend magic power (3 MP) to
                  | strengthen your wands. [potion of mutation]
  3307 | Sewer    | Gained mutation: You are clumsy. (Dex -2) [potion of
                  | mutation]
  3307 | Sewer    | Gained mutation: Your system is resistant to poisons.
                  | (rPois) [potion of mutation]
  3321 | Sewer    | Killed a kobold brigand
  3322 | Sewer    | Reached skill level 4 in Axes
  3322 | Sewer    | Reached XP level 6. HP: 6/49 MP: 8/8
  3801 | Sewer    | Reached skill level 5 in Axes
  3895 | Sewer    | Reached XP level 7. HP: 27/55 MP: 3/10
  4164 | Sewer    | Reached skill level 5 in Fighting
  4852 | D:3      | Reached *** piety under Lugonu
  4926 | D:3      | Reached skill level 5 in Invocations
  5835 | D:4      | Reached skill level 6 in Axes
  5835 | D:4      | Reached XP level 8. HP: 29/63 MP: 10/12
  6871 | D:5      | Entered Level 5 of the Dungeon
  7404 | D:5      | Reached skill level 7 in Axes
  7943 | D:5      | Noticed Duvessa
  7949 | D:5      | Banished Duvessa
  7950 | D:5      | Reached XP level 9. HP: 21/71 MP: 4/13
  7951 | D:5      | Noticed Dowan
  7953 | D:5      | Banished Dowan
  8291 | D:5      | Reached skill level 8 in Axes
  9210 | D:6      | Found a snail-covered altar of Cheibriados.
  9687 | D:6      | Found a staircase to the Ecumenical Temple.
  9899 | D:6      | Reached skill level 9 in Axes
 10711 | D:7      | Found a runed translucent gate.
 10711 | D:7      | Found a runed translucent gate.
 10711 | D:7      | Found a runed translucent gate.
 10712 | D:7      | Found an opulent altar of Gozag.
 10713 | D:7      | Noticed bearlyready's ghost (novice GnCA)
 10713 | D:7      | Noticed an unseen horror
 10993 | D:7      | Found a white marble altar of Elyvilon.
 11178 | D:8      | Reached XP level 10. HP: 41/80 MP: 16/16
 12564 | D:8      | Reached skill level 10 in Axes
 12648 | D:9      | Noticed a two-headed ogre
 12650 | D:9      | Banished a two-headed ogre
 12772 | D:9      | Noticed a manticore
 12778 | D:9      | Banished a manticore
 12949 | D:9      | Noticed a centaur warrior
 13377 | D:9      | Noticed a tengu warrior
 13845 | D:9      | Banished a centaur warrior
 13846 | D:9      | Reached skill level 11 in Axes
 13849 | D:9      | Slain by a tengu warrior

Illustrated notes

Levels and vault maps discovered:
D:1:      dpeg_arrival_chambers_temple_mockup, layout_basic,
          dreamdust_ecumenical_altar_statues
D:2:      layout_basic, minmay_rat_gold_closets
D:3:      layout_basic, cheibrodos_sewer_entry_bend
D:4:      layout_loops_ring
D:5:      layout_loops_cross, uniq_duvessa
D:6:      layout_loops_cross, slow_altar_1, temple_doors_e
D:7:      layout_rooms, nicolae_elyvilon_peaceful_grove, ebering_ghost_gozag
D:8:      layout_basic, minmay_misc_feat_roman
D:9:      minmay_the_grid_triangle_9x9_recursive_2_mashed
          [minmay_the_grid_triangle_9x9_prize_schism,
          minmay_the_grid_triangle_9x9_intruding_spiral,
          minmay_the_grid_triangle_9x9_pentomino_pain,
          minmay_the_grid_triangle_9x9_from_above], layout_loops_ring,
          serial_shops, nicolae_lakefront_shop, shop, shop, kennysheep_mini,
          uniq_maurice

Skill      XL: |  1  2  3  4  5  6  7  8  9 10 |
---------------+-------------------------------+-----
Axes           | 3 4 5 6 7 9 11 | 11.0
Invocations    | 3 4 5 6 8 9 |  9.5
Fighting       | 4 5 6 7 9 |  9.1
Armour         | |  2.1
Dodging        | |  0.8

Action                   |  1- 3 |  4- 6 |  7- 9 | 10-12 || total
-------------------------+-------+-------+-------+-------++-------
Melee: Hand axe          |    89 |   158 |   131 |       ||   378
       Kick              |       |     4 |    98 |    18 ||   120
       War axe           |       |       |   266 |    81 ||   347
Invok: Depart the Abyss  |     1 |       |       |       ||     1
       Banish            |       |       |     5 |     5 ||    10
 Abil: Dig               |       |       |     2 |       ||     2
Evoke: Wand              |       |     7 |     4 |     2 ||    13
  Use: Scroll            |     4 |       |    10 |     1 ||    15
       Potion            |       |     2 |     2 |     1 ||     5
 Stab: Sleeping          |       |     1 |       |       ||     1
Armor: Leather armour    |    33 |    31 |    12 |       ||    76
       Chain mail        |       |       |   180 |    48 ||   228
Dodge: Dodged            |    67 |    84 |   190 |    57 ||   398

Table legend: (Time is in decaauts)
 A = Elapsed time spent in this place.
 B = Non-inter-level travel time spent in this place.
 C = Inter-level travel time spent in this place.
 D = Time resting spent in this place.
 E = Time spent auto-exploring this place.
 F = Levels seen in this place.
 G = Mean time per level.
                   A        B        C        D        E       F      G
               +--------+--------+--------+--------+--------+-----+--------+
         Total |  13918 |  13609 |    309 |   1532 |  10238 |  11 | 1265.3 |
       Dungeon |  11971 |  11662 |    309 |   1532 |   8568 |   9 | 1330.1 |
         Abyss |     67 |     67 |      0 |      0 |     44 |   1 |   67.0 |
         Sewer |   1879 |   1879 |      0 |      0 |   1626 |   1 | 1879.0 |
               +--------+--------+--------+--------+--------+-----+--------+

Top non-repeatable levels by time:
     D:8: 2171 daAuts
     D:5: 1971 daAuts
   Sewer: 1879 daAuts
     D:4: 1844 daAuts
     D:2: 1391 daAuts
     D:1: 1173 daAuts
     D:6: 1157 daAuts
     D:3: 1040 daAuts
     D:7: 797 daAuts
     D:9: 422 daAuts
 Abyss:1: 67 daAuts
